 Dungeon Crawl Stone Soup version 0.26.1-2-gb8aa6d0cf2 (webtiles) character file.

Game seed: 16310226953586950007

3444 ew1980 the Spear-Bearer (level 10, -7/77 HPs)
             Began as a Merfolk Artificer on Feb 13, 2021.
             Was an Initiate of the Shining One.
             Mangled by Harold
             ... wielding a +8 vorpal dire flail
              (27 damage)
             ... on level 8 of the Dungeon.
             The game lasted 00:34:03 (11133 turns).

ew1980 the Spear-Bearer (Merfolk Artificer)        Turns: 11133, Time: 00:34:04

Health: -7/77      AC: 12    Str: 23    XL:     10   Next: 5%
Magic:  12/12      EV: 20    Int: 12    God:    the Shining One [......]
Gold:   497        SH: 11    Dex: 17    Spells: 9/9 levels left

rFire    . . .     SeeInvis .   F - +0 trident
rCold    . . .     Faith    .   a - +0 kite shield
rNeg     . . .     Spirit   .   M - +3 troll leather armour of Mumblety Peg {Regen+ Str+3 Dex+2}
rPois    .         Reflect  .   x - +0 helmet
rElec    .         Harm     .   j - scarf {+Inv}
rCorr    .         Rampage  .   C - +0 pair of gloves
Will     .....                  v - +1 pair of boots
Stlth    +.........             (no amulet)
HPRegen  0.62/turn              f - +4 ring of evasion
MPRegen  0.13/turn              n - +6 ring of strength

@: marked, glowing
A: change form in water, swift swim, stealthy swim
a: Renounce Religion, Evoke Invisibility


You were on level 8 of the Dungeon.
You worshipped the Shining One.
The Shining One was noncommittal.
You visited 2 branches of the dungeon, and saw 9 of its levels.
You also visited: Sewer.

You collected 497 gold pieces.

Inventory:

Hand Weapons
 F - a +0 trident (weapon)
 L - a +2 war axe of holy wrath
Missiles
 b - a throwing net
 m - 59 poisoned darts (quivered)
 u - 5 datura-tipped darts
Armour
 a - a +0 kite shield (worn)
 h - the +0 ring mail of Atuenn {rF+ rN+ rCorr Dex+4}
   (You found it on level 5 of the Dungeon)

   It affects your dexterity (+4).
   It protects you from fire.
   It protects you from negative energy.
   It provides partial protection from all sources of acid and corrosion.
 j - a scarf of invisibility (worn)
 k - a +2 buckler
 t - a +2 robe of fire resistance
 v - a +1 pair of boots (worn)
 x - a +0 helmet (worn)
 C - a +0 pair of gloves (worn)
 I - a +3 plate armour
 M - the +3 troll leather armour of Mumblety Peg (worn) {Regen+ Str+3 Dex+2}
   (You found it on level 6 of the Dungeon)

   It affects your strength (+3).
   It affects your dexterity (+2).
   It increases your rate of regeneration.
Jewellery
 e - a +6 ring of dexterity
 f - a +4 ring of evasion (left hand)
 l - an uncursed ring of fire
 n - a +6 ring of strength (right hand)
Wands
 c - a wand of flame (13)
 d - a wand of enslavement (15)
Scrolls
 o - 2 scrolls of enchant armour
 s - 5 scrolls of teleportation
 y - a scroll of amnesia
 z - a scroll of remove curse
 D - a scroll of blinking
 E - a scroll of magic mapping
Potions
 g - 5 potions of curing
 i - a potion of lignification
 p - 2 potions of attraction
 q - 8 potions of heal wounds
 r - 3 potions of flight
 w - a potion of berserk rage
 A - 2 potions of might
 B - 3 potions of brilliance
 G - a potion of mutation
 H - a potion of magic
 J - a potion of ambrosia {unknown}
 K - a potion of cancellation {unknown}
 N - a potion of haste {unknown}


   Skills:
 + Level 6.9 Fighting
 + Level 8.7 Polearms
 - Level 4.0 Armour
 + Level 8.7 Dodging
 - Level 1.1 Stealth
 + Level 6.0 Shields
 + Level 2.9 Invocations
 - Level 3.0 Evocations


You had 9 spell levels left.
You didn't know any spells.
Your spell library contained the following spells:

 Spells                   Type           Power        Failure   Level
 Magic Dart               Conj           0%           77%         1
 Blink                    Tloc           N/A          88%         2
 Call Imp                 Summ           0%           88%         2
 Slow                     Hex            0%           88%         2
 Conjure Flame            Conj/Fire      0%           98%         3
 Mephitic Cloud           Conj/Pois/Air  0%           98%         3


Dungeon Overview and Level Annotations

Branches:
Dungeon (8/15)             Temple (1/1) D:7           Sewer (visited)
   Lair: D:8-11

Altars:
Ashenzari
Cheibriados
Elyvilon
Fedhas
Gozag
Hepliaklqana
Kikubaaqudgha
Okawaru
Qazlal
Ru
Sif Muna
Trog
Uskayaw
Vehumet
Wu Jian
Xom
Yredelemnul
Zin
The Shining One

Shops:
D:8 [[:

Annotations:
D:8 Harold


Message History

Harold hits you with a +8 vorpal dire flail!
* * * LOW HITPOINT WARNING * * *
x2 You puncture Harold!
Harold is heavily wounded.
Harold points at you and mumbles some strange words.
The mark upon you grows brighter.
You hit Harold but do no damage.
Harold is heavily wounded.
Harold hits you with a +8 vorpal dire flail.
* * * LOW HITPOINT WARNING * * *
x2 You puncture Harold!
Harold is severely wounded.
You hit Harold.
Harold is severely wounded.
Harold gestures at you while chanting. The mark upon you grows brighter.
You hit Harold but do no damage.
Harold is severely wounded.
Harold hits you with a +8 vorpal dire flail!!
You die...

# #.......#.#.........#
......
############.#.........[.#
####.. #....#
#.##..........# #.. #....#
#.##..........# #.. '....#
###.##..........# #..
#....# #.......###+#####
#.. #....#
#.#.#.#.###+#### #..
#....#####+#.#.#........#
#.. #............#
#@.......# #..
###'.........# #@.......#
##' ...'.........#
#.###+#### #.
...#.........# #.. #.
...#######'#.# ##. #. ...#
#.#.# .. #. ...# #...# .#
###) ...# ##### O. #...
...# ### #.#.


You could see Harold and a two-headed ogre.

Vanquished Creatures
  Pikel (D:5)
  A steam dragon (D:8)
  Duvessa (D:5)
  3 ice beasts
  A sky beast (D:8)
  4 ogres
  2 phantoms
  6 centaurs
  A lemure (D:5)
  A big kobold (Sewer)
  5 bullfrogs
  Dowan (D:5)
  A scorpion (D:6)
  2 bullfrog zombies
  A hound (D:4)
  A bullfrog skeleton (D:8)
  A centaur zombie (D:7)
  3 jellies
  2 orc wizards (D:5)
  An iguana (D:4)
  6 worker ants
  A hound zombie (D:7)
  2 hound skeletons
  2 howler monkey skeletons (D:7)
  12 river rats
  13 adders
  An ufetubus (D:6)
  An ooze (D:5)
  An adder skeleton (D:5)
  4 worms
  2 dart slugs
  2 leopard geckos
  22 orcs
  5 ball pythons
  3 bats (D:2)
  5 giant cockroaches
  7 goblins
  6 hobgoblins
  2 quokkas
  5 frilled lizards
  22 kobolds
  28 rats
191 creatures vanquished.

Notes
Turn   | Place    | Note
-------+----------+-------------------------------------------
     0 | D:1      | ew1980 the Merfolk Artificer began the quest for the Orb.
     0 | D:1      | Reached XP level 1. HP: 15/15 MP: 1/1
   371 | D:1      | Reached skill level 1 in Armour
   371 | D:1      | Reached XP level 2. HP: 14/21 MP: 2/2
  1162 | D:2      | Reached XP level 3. HP: 24/27 MP: 3/3
  1168 | D:2      | Reached skill level 1 in Polearms
  1482 | D:2      | Reached skill level 1 in Shields
  2061 | D:2      | Reached XP level 4. HP: 33/33 MP: 4/4
  3157 | D:3      | Found a hide-covered altar of Uskayaw.
  3620 | D:3      | Reached XP level 5. HP: 37/39 MP: 5/5
  4189 | D:4      | Found a glowing drain.
  4219 | Sewer    | Entered a sewer
  4857 | Sewer    | Reached XP level 6. HP: 45/46 MP: 6/6
  5489 | Sewer    | HP: 2/47 [river rat (6)]
  6634 | D:4      | Reached XP level 7. HP: 48/52 MP: 7/7
  6802 | D:4      | Reached skill level 5 in Dodging
  7604 | D:5      | Entered Level 5 of the Dungeon
  7610 | D:5      | Got an agate-encrusted ring mail
  7621 | D:5      | Identified the cursed +0 ring mail of Atuenn {rF+ rN+ rCorr
                  | Dex+4} (You found it on level 5 of the Dungeon)
  7636 | D:5      | Noticed Duvessa
  7700 | D:5      | Noticed Dowan
  7714 | D:5      | Killed Duvessa
  7715 | D:5      | Reached skill level 5 in Polearms
  7907 | D:4      | Reached XP level 8. HP: 52/61 MP: 8/8
  8174 | D:5      | Killed Dowan
  8336 | D:5      | Found a blossoming altar of Fedhas.
  8456 | D:5      | Reached skill level 5 in Fighting
  9063 | D:6      | Noticed Pikel
  9120 | D:5      | Killed Pikel
  9121 | D:5      | Reached skill level 5 in Shields
  9121 | D:5      | Reached XP level 9. HP: 64/69 MP: 9/9
  9298 | D:6      | Found a sacrificial altar of Ru.
  9313 | D:6      | Got a polished troll leather armour
  9324 | D:6      | Identified the +3 troll leather armour of Mumblety Peg
                  | {Regen+ Str+3 Dex+2} (You found it on level 6 of the
                  | Dungeon)
  9584 | D:7      | Found a staircase to the Ecumenical Temple.
  9629 | Temple   | Entered the Ecumenical Temple
  9787 | Temple   | Became a worshipper of the Shining One
  9897 | D:7      | Reached skill level 1 in Invocations
 10068 | D:7      | Found an opulent altar of Gozag.
 10549 | D:8      | Noticed a two-headed ogre
 10750 | D:8      | Found Cityilu's Book Emporium.
 10762 | D:8      | Reached XP level 10. HP: 73/77 MP: 10/12
 11003 | D:8      | Found Cuiloes's Armour Emporium.
 11009 | D:8      | Found Kalatut's Armour Shop.
 11110 | D:8      | Noticed Harold
 11133 | D:8      | Mangled by Harold

Illustrated notes

Levels and vault maps discovered:
D:1:      minmay_arrival_shoal_huts, layout_basic
D:2:      layout_basic, hangedman_decor_growths, minmay_tall_x
D:3:      layout_basic, nicolae_overflow_crystal_walls,
          hangedman_decor_peaks_small
D:4:      layout_gridville, lightli_sewer_entry_pipes, minmay_crystal_water,
          wad_floor_pattern_2, st_stairs_13, minmay_unequal
D:5:      layout_rooms, nicolae_overflow_hidden_temple, uniq_duvessa
D:6:      layout_cave_pools, nicolae_ru_sacrificial_ziggurat, uniq_pikel
D:7:      wander_river, layout_cave_pools, general_overflow_altar, temple_hall
D:8:      layout_basic, serial_shops, shop_coins, shop, shop, shop,
          minmay_parallelograms, grunt_ministairs_10, minivault_24, uniq_harold
Temple:   nicolae_temple_elliptical

Skill      XL: |  1  2  3  4  5  6  7  8  9 |
---------------+----------------------------+-----
Armour         | 1 2 3 4 |  4.0
Dodging        | 3 4 5 7 8 |  8.7
Polearms       | 1 2 3 4 5 7 8 |  8.7
Fighting       | 2 3 4 5 6 |  6.9
Shields        | 1 2 3 5 6 |  6.0
Invocations    | 2 |  2.9
Stealth        | |  1.1
Evocations     | |  3.0

Action                   |  1- 3 |  4- 6 |  7- 9 | 10-12 || total
-------------------------+-------+-------+-------+-------++-------
Melee: Spear             |   148 |   440 |       |       ||   588
       Club              |     1 |       |       |       ||     1
       Tailslap          |       |    29 |     3 |       ||    32
       Trident           |       |    21 |   422 |    31 ||   474
Throw: Dart              |       |       |    21 |       ||    21
Evoke: Wand              |       |    19 |     2 |     2 ||    23
  Use: Scroll            |       |     7 |    14 |       ||    21
       Potion            |       |     1 |       |       ||     1
 Stab: Sleeping          |     3 |     1 |       |       ||     4
Armor: Leather armour    |    28 |       |       |       ||    28
       Scale mail        |       |   130 |    18 |       ||   148
       Ring mail         |       |       |    34 |       ||    34
       Plate armour      |       |       |    32 |       ||    32
       Troll leather arm |       |       |    30 |     4 ||    34
Dodge: Dodged            |    71 |   274 |   264 |    10 ||   619
Block: Buckler           |       |    23 |   138 |       ||   161
       Kite shield       |       |       |     4 |     5 ||     9
